 Dungeon Crawl Stone Soup version 0.23.1 (webtiles) character file.

Game seed: 2306477255210252950

97 Gargoyl the Skirmisher (level 4, -11/38 HPs)
             Began as a Centaur Abyssal Knight on Mar 19, 2019.
             Was a Follower of Lugonu.
             Killed by nerve-wracking pain
             ... invoked by an orc priest
              (13 damage)
             ... on level 4 of the Dungeon.
             The game lasted 00:02:56 (2192 turns).

Gargoyl the Skirmisher (Centaur Abyssal Knight)     Turns: 2192, Time: 00:02:56

Health: -11/38     AC:  7    Str: 14    XL:     4   Next: 42%
Magic:  5/5        EV:  4    Int: 11    God:    Lugonu [*.....]
Gold:   243        SH:  0    Dex: 10    Spells: 3/3 levels left

rFire    . . .     SeeInvis .   a - +2 hand axe
rCold    . . .     Gourm    .   (no shield)
rNeg     . . .     Faith    .   e - +0 chain mail
rPois    .         Spirit   .   (no helmet)
rElec    .         Reflect  .   (no cloak)
rCorr    .         Harm     .   (no gloves)
MR       .....                  (no barding)
Stlth    ..........             (no amulet)
HPRegen  0.12/turn              (no ring)
MPRegen  0.09/turn              (no ring)

@: very quick
A: large, hooves 3, deformed body, speed 2, tough skin 3
a: Depart the Abyss, Renounce Religion


You were on level 4 of the Dungeon.
You worshipped Lugonu.
Lugonu was aware of your devotion.
You were hungry.

You visited 1 branch of the dungeon, and saw 4 of its levels.
You visited the Abyss 1 time.

You collected 243 gold pieces.

Inventory:

Hand Weapons
 a - a +2 hand axe (weapon)
Armour
 e - a +0 chain mail (worn)
Scrolls
 g - 2 scrolls of remove curse
 i - a scroll of identify
 m - 3 scrolls of teleportation
Potions
 b - 3 potions of curing
 d - 2 potions of mutation {unknown}
 f - a potion of brilliance {unknown}
 h - a potion of haste {unknown}
Comestibles
 c - 8 rations


   Skills:
 + Level 3.5 Fighting
 + Level 2.5 Axes
 * Level 2.2 Armour
 * Level 1.2 Dodging
 * Level 2.5 Invocations


You had 3 spell levels left.
You didn't know any spells.
Your spell library was empty.

Dungeon Overview and Level Annotations

Branches:
Dungeon (4/15)
 Temple: D:4-7

Altars:
Nemelex Xobeh


Innate Abilities, Weirdness & Mutations

You have hooves in place of feet.
Armour fits poorly on your strangely shaped body.
You cover ground very quickly.
You have extremely tough skin. (AC +3)


Message History

Your chain mail prevents you from hitting the orc.
The ogre shouts!
You hit the orc priest but do no damage.
You hit the jackal. The orc barely misses you.
The jackal bites you but does no damage.
An adder skeleton comes into view.
The orc priest hits you but does no damage.
The jackal bites you but does no damage.
The orc hits you but does no damage.
The jackal bites you but does no damage.
A puff of flame appears from out of thin air!
The puff of flame hits you!
* * * LOW HITPOINT WARNING * * *
Items here: )) †† a cursed -3 short sword; a +0 flail; an orc corpse x2
The jackal completely misses you.
There is a stone staircase leading up here.
The orc priest calls down the wrath of Beogh upon you.
Pain shoots through your body!
You die...

.. .. ## ..##< #.
##...... ....
....#. #.... ....
...>. ##..###....
####........# ..
#....@....## #..
#...ho.....# #...
#..#..hh...##....
#. #......†##.?#
.#..#........#
....###.)o..###
.......##....##
....%........[.#
#..............#


You could see an orc priest, an orc and 3 jackals.

Vanquished Creatures
  3 gnolls
  2 adders
  An ooze (D:1)
  A worm (D:2)
  2 dart slugs (D:1)
  A leopard gecko (D:2)
  3 orcs
  A bat (D:1)
  2 giant cockroaches (D:3)
  2 goblins
  2 hobgoblins
  4 jackals (D:4)
  2 quokkas (D:3)
  2 frilled lizards
  3 kobolds
  6 rats
  A fungus (D:3)
38 creatures vanquished.

Vanquished Creatures (others)
  3 toadstools (D:3)
3 creatures vanquished.

Grand Total: 41 creatures vanquished

Notes
Turn   | Place    | Note
-------+----------+-------------------------------------------
     0 | Abyss:1  | Gargoyl the Centaur Abyssal Knight began the quest for the
                  | Orb.
     0 | Abyss:1  | Reached XP level 1. HP: 19/19 MP: 2/2
    35 | Abyss:1  | Noticed a tentacled monstrosity
    42 | Abyss:1  | Noticed an earth elemental
    98 | Abyss:2  | Noticed a starcursed mass
   127 | Abyss:2  | Noticed a lich
   132 | D:1      | Escaped the Abyss
   347 | D:1      | Reached XP level 2. HP: 20/26 MP: 3/3
   519 | D:1      | Reached * piety under Lugonu
   650 | D:2      | Reached skill level 1 in Dodging
   916 | D:1      | Reached XP level 3. HP: 21/31 MP: 4/4
  1633 | D:2      | Reached XP level 4. HP: 31/38 MP: 5/5
  1981 | D:3      | Found a sparkling altar of Nemelex Xobeh.
  2183 | D:4      | Noticed an ogre
  2192 | D:4      | Killed from afar by an orc priest

Skill      XL: |  1  2  3 |
---------------+----------+-----
Axes           | 2 |  2.5
Dodging        | 1 |  1.2
Armour         | 2 |  2.2
Fighting       | |  3.5
Invocations    | |  2.5

Action                   |  1- 3 |  4- 6 || total
-------------------------+-------+-------++-------
Melee: Hand axe          |    74 |    38 ||   112
       Kick              |    14 |    13 ||    27
Invok: Depart the Abyss  |     1 |       ||     1
  Use: Potion            |     1 |       ||     1
       Scroll            |     4 |     3 ||     7
  Eat: Chunk             |     1 |     1 ||     2
Armor: Chain mail        |    38 |    30 ||    68
Dodge: Dodged            |    17 |     9 ||    26
